woodfighter, lawful female dwarven Priestess ----------- |.........| ..| ----|.........| ..| |.|...[%..(<[...| |.|--.|.--|.........| |.|...|...|......^..| |.---.---.----------- |.u.....|..... -------.|.--- |.....|...| |...-----.| |......%..| ----------- woodfighter the Adept Experience level: 8 Strength: 17 Dexterity: 12 Constitution: 17 Intelligence: 17 Wisdom: 12 Charisma: 12 Health: 0(67) Energy: 55(55) Def: 10 Gold: 0 Moves: 11248 Dungeon seed: U444fHHbPwwg00on Game ID: woodfighter_1553723760 Your Inventory: Amulets v - an amulet of reflection (being worn) Weapons a - a blessed rusty corroded +4 mace (weapon in hand) N - 3 +0 dwarvish spears (in quiver) Armor e - a +0 robe f - a blessed +0 helmet (being worn) n - a +0 small shield (being worn) q - a +0 mummy wrapping X - a blessed +1 pair of iron shoes (being worn) Z - a +0 elven mithril-coat (being worn) Comestibles d - a sprig of wolfsbane j - 2 tripe rations B - 2 food rations Rings i - a ring of shock resistance (on right hand) I - a ring of searching (on left hand) Wands r - a wand of digging (0:7) t - a wand of sleep (0:5) Tools s - a cursed oilskin sack y - a skeleton key L - a cursed oil lamp (0:0) M - a cursed magic whistle P - an oil lamp (0:1159) W - a towel Gems z - a worthless piece of red glass J - a luckstone Contents of the oilskin sack: a scroll of identify a scroll of light a [+0] pick-axe 2 emeralds a fluorite 2 worthless pieces of blue glass a worthless piece of violet glass 2 worthless pieces of yellow glass a worthless piece of yellowish brown glass Spells and supernatural/magical abilities: Name Level Category Fail Memory h - healing 1 healing 100% 44% p - protection 1 clerical 100% 44% E - detect food 2 divination 100% 44% W - pray for help -- divine ? -- X - turn undead -- divine ? -- Your skills at the end: Miscellaneous Skills shield [Basic] wands [Basic] Weapon Skills pick-axe [Basic] mace [Expert] spear [Basic] Spellcasting Skills clerical spells [Basic] Final Attributes: You were piously aligned. You were shock resistant. Your writing hand was ok. You had automatic searching. You had infravision. You were invisible. You had reflection. You were lucky. You had extra luck. Bad luck did not time out for you. Good luck did not time out for you. You are dead. Vanquished creatures: a vampire a ghost 3 giant mimics a fire vortex a quantum mechanic a small mimic 2 ettin mummies a freezing sphere a flaming sphere a shocking sphere a gremlin an orc-captain a mumak 3 giant spiders an iron piercer 2 orc mummies a yeti a gold golem a dog a jaguar a blue jelly 2 plains centaurs a gnome mummy 2 fire ants a yellow light an imp a baby crocodile a wood nymph 2 Mordor orcs 3 Uruk-hai a pony 3 fog clouds a shrieker a gnome lord 3 kobold mummies a black naga hatchling a golden naga hatchling a gray ooze a barrow wight 2 elf zombies 2 ghouls a straw golem a paper golem 3 giant ants 5 floating eyes 2 kittens a kobold lord 4 iguanas 2 hill orcs 4 rothes a centipede a monkey 2 orc zombies 2 dwarf zombies 2 wererats 4 killer bees a coyote 2 hobbits 2 acid blobs 4 large kobolds 3 geckos a hobgoblin 3 giant rats a cave spider a brown mold 2 yellow molds a green mold a red mold 2 gnomes a garter snake 9 manes 6 gnome zombies 13 jackals a fox 3 kobolds 16 newts 4 goblins 8 sewer rats 10 grid bugs 5 bats 9 lichens 5 kobold zombies 207 creatures vanquished. Voluntary challenges: You did not cause conflict. You did not have reflection until turn 5819. You were not displaced. You used a wielded weapon 250 times, starting on turn 258. You did not apply a unicorn horn. You did not use plumbed fixtures. You did not drink any magical draughts. You read items or engraved 4 times, starting on turn 1636. You never genocided any monsters. You never polymorphed an object. You never changed form. You completed Sokoban on turn 5746, according to the rules. You used no wishes. You never split a pudding. You never wrote Elbereth's name. You never violated your personal moral code. Dungeon overview: The Dungeons of Doom: levels 1 to 6 Level 1 a long staircase Level 2 an altar to Thoth, a sink Level 3 a fountain stairs to The Gnomish Mines Level 4 a scroll shop, a fountain Level 5 many fountains Level 6 stairs to Sokoban The Gnomish Mines: levels 4 to 11 Level 4 stairs to The Dungeons of Doom Level 5 Level 6 ( ) many shops, a temple to Ptah, a magic chest, some fountains, some trees Level 7 Level 8 Level 9 Level 10 Level 11 <- You were here Sokoban: levels 2 to 5 Level 2 a magic chest Level 3 Level 4 Level 5 a magic chest stairs to The Dungeons of Doom History has recorded: On T:1 you entered the Dungeons of Doom to retrieve the Amulet of Yendor! On T:152 you reached level 2 of The Dungeons of Doom. On T:541 you reached level 3 of The Dungeons of Doom. On T:933 you advanced to experience level 2. On T:964 you prayed to Ptah. On T:1024 you reached level 4 of The Dungeons of Doom. On T:1103 you reached level 1 of The Gnomish Mines. On T:1173 you advanced to experience level 3. On T:1357 you reached level 5 of The Dungeons of Doom. On T:1871 you reached level 6 of The Dungeons of Doom. On T:1875 you advanced to experience level 4. On T:2259 you reached level 4 of Sokoban. On T:2404 you opened a magic chest. On T:2781 you reached level 3 of Sokoban. On T:2827 you advanced to experience level 5. On T:3674 you reached level 2 of Sokoban. On T:4584 you reached level 1 of Sokoban. On T:4640 you advanced to experience level 6. On T:5746 you advanced to experience level 7. On T:5746 you entered the Sokoban zoo. On T:5796 you prayed to Ptah. On T:6242 you reached level 2 of The Gnomish Mines. On T:7089 you reached level 3 of The Gnomish Mines. On T:7416 you entered the Minetown temple On T:7769 you reached level 4 of The Gnomish Mines. On T:8479 you reached level 5 of The Gnomish Mines. On T:8742 you reached level 6 of The Gnomish Mines. On T:9212 you prayed to Ptah. On T:9228 you advanced to experience level 8. On T:9837 you reached level 7 of The Gnomish Mines. On T:10610 you reached level 8 of The Gnomish Mines. On T:10610 you reached the bottom of the Mines. On T:10806 you prayed to Ptah. On T:11239 you prayed to Ptah. Score breakdown: Gold: 0 ( 0 points) Experience: 8 levels ( 700 points) Exploration: 11 levels ( 300 points) Discoveries: 27 items ( 1350 points) Variety of kills: 82 monsters ( 2000 points) Major goal: Sokoban/Mines ( 1500 points) Survival: died (score multiplied by 3) Total score: 17550 Latest messages: You are burning to a crisp! (4x) You begin praying to Ptah. You are surrounded by a shimmering light. You feel that Ptah is well-pleased. You feel much better. You are burning to a crisp! You hit the fire vortex! You are suddenly very hot! You are burning to a crisp! You hit the fire vortex! You are suddenly very hot! You are burning to a crisp! You destroy the fire vortex! You start removing your elven mithril-coat. You take off your robe. You stop changing your equipment. The black unicorn butts! The black unicorn misses. The sleep ray hits the black unicorn. (2x) The black unicorn butts! The black unicorn misses. (2x) The black unicorn kicks! You die... Final status: Goodbye woodfighter the Priestess, killed by a black unicorn... You died in The Gnomish Mines on dungeon level 11 with 17550 points, and 0 pieces of gold, after 11248 moves. You were level 8 with a maximum of 67 hit points when you died.